 Dungeon Crawl Stone Soup version 0.21-a0-85-ga0cb861 (webtiles) character file.

26 4thArraOfDagon the Vexing (level 2, 0/19 HPs)
             Began as a Mummy Enchanter on June 25, 2017.
             Slain by an adder (5 damage)
             ... on level 1 of the Dungeon.
             The game lasted 00:02:00 (1312 turns).

4thArraOfDagon the Vexing (Mummy Enchanter)         Turns: 1312, Time: 00:02:01

Health: 0/19       AC:  2    Str: 11    XL:     2   Next: 89%
Magic:  0/5        EV: 12    Int: 14    God:
Gold:   14         SH:  0    Dex: 12    Spells: 3/6 levels left

rFire    x . .     SeeInvis .   e - +0 short sword (drain)
rCold    + . .     Gourm    .   (no shield)
rNeg     + + +     Faith    .   b - +0 robe
rPois    ∞         Spirit   .   (no helmet)
rElec    .         Reflect  .   (no cloak)
rCorr    .         Harm     .   (no gloves)
MR       .....                  (no boots)
Stlth    ++........             (no amulet)
HPRegen  0.06/turn              d - ring of flight
MPRegen  0.09/turn              (no ring)

@: very slightly contaminated
A: no food or potions, fire vulnerability, cold resistance 1, negative energy
resistance 3, torment resistance, unbreathing
a: Evoke Flight


You were on level 1 of the Dungeon.
You were not hungry.

You visited 1 branch of the dungeon, and saw 2 of its levels.

You collected 14 gold pieces.

Inventory:

Hand Weapons
 a - a +1 dagger
 e - a +0 short sword of draining (weapon)
Armour
 b - a +0 robe (worn)
Jewellery
 d - a ring of flight (left hand)
 f - an uncursed amulet of guardian spirit
Books
 c - a book of Maledictions

   Spells                             Type                      Level
   a - Corona                         Hexes                        1
   b - Ensorcelled Hibernation        Hexes/Ice                    2
   c - Confuse                        Hexes                        3
   d - Tukima's Dance                 Hexes                        3
   e - Dazzling Spray                 Conjuration/Hexes            3


   Skills:
 * Level 2.3 Short Blades
 - Level 1.5 Dodging
 - Level 2.4 Stealth
 - Level 2.6 Spellcasting
 - Level 2.6 Hexes


You had 3 spell levels left.
You knew the following spells:

 Your Spells              Type           Power        Failure   Level  Hunger
a - Corona                Hex            #......      8%          1    N/A
b - Ensorcelled Hibernat  Hex/Ice        #.....       19%         2    N/A

Dungeon Overview and Level Annotations

Branches:
Dungeon (2/15)

Altars:


Innate Abilities, Weirdness & Mutations

You do not eat or drink.
Your flesh is vulnerable to fire.
You are immune to poison.
Your flesh is cold resistant. (rC+)
You are immune to negative energy. (rN+++)
You are immune to unholy pain and torment.
You can survive without breathing.


Message History

Confirm with . or Enter, or press ? or * to list all spells.
Aiming: Ensorcelled Hibernation
Press: ? - help, Shift-Dir - straight line, f/p - adder
Aim: an adder (chance to defeat MR: 46%)
You miscast Ensorcelled Hibernation.
You are very lightly contaminated with residual magic.
A chill runs through your body. The adder barely misses you.
Casting: Ensorcelled Hibernation
Confirm with . or Enter, or press ? or * to list all spells.
Aiming: Corona
Press: ? - help, Shift-Dir - straight line, f/p - adder
Aim: an adder (chance to defeat MR: 52%)
The adder struggles to resist.
The adder barely misses you.
You barely miss the adder. The adder bites you.
You closely miss the adder. The adder barely misses you. The adder bites you.
* * * LOW HITPOINT WARNING * * *
You hit the adder.
The adder is heavily wounded.
The adder bites you.
You die...

#...# ##..#
########## #..#
#..)....(# #..#
#.######.#
##..####.#)...#
#..(....÷..#
#g#>####.### #S#.#
#.[. #@#.# #####
#.#.# #.#)#
###########.#
#.........#.#
#.#######.#.#
#.#.....#.#)#
#.#.###.#.#.####.#
#.#.#............#


You could see an adder and a goblin.

Vanquished Creatures
  An adder (D:1)
  A ball python (D:1)
  A giant cockroach (D:1)
  5 goblins (D:1)
  3 hobgoblins (D:1)
  A frilled lizard (D:1)
  2 kobolds (D:1)
  2 rats (D:1)
16 creatures vanquished.

Notes
Turn   | Place    | Note
-------+----------+-------------------------------------------
     0 | D:1      | 4thArraOfDagon the Mummy Enchanter began the quest for the Orb.
     0 | D:1      | Reached XP level 1. HP: 13/13 MP: 4/4
   173 | D:1      | Reached skill level 1 in Short Blades
   676 | D:1      | Reached XP level 2. HP: 11/19 MP: 5/5
   799 | D:1      | Learned a level 2 spell: Ensorcelled Hibernation
  1312 | D:1      | Slain by an adder

Vault maps used:
D:1:      sevenhm_arrival_forest_fort_large_1, minmay_tetromino_o2
D:2:      nicolae_overflow_hidden_temple

Skill      XL: |  1  2 |
---------------+-------+-----
Short Blades   | 1 2 |  2.3
Dodging        | |  1.5
Stealth        | |  2.4
Spellcasting   | |  2.6
Hexes          | |  2.6

Action                   || total
-------------------------++-------
Melee: Dagger            ||    40
       Short sword       ||    19
 Cast: Corona            ||     4
       Ensorcelled Hiber ||     6
 Stab: Sleeping          ||     4
Armor: Robe              ||     2
Dodge: Dodged            ||    39
